 Dungeon Crawl Stone Soup version 0.17.1-2-g5865329 (webtiles) character file.

125 inmateoo the Cutter (level 5, 0/34 HPs)
             Began as a Halfling Skald on Feb 14, 2016.
             Was a Follower of Dithmenos.
             Killed by nerve-wracking pain
             ... invoked by Grinder
              (5 damage)
             ... while paralysed by Grinder
             ... on level 3 of the Dungeon.
             The game lasted 00:04:11 (2877 turns).

inmateoo the Cutter (Halfling Skald)                Turns: 2877, Time: 00:04:11

Health: 0/34       AC:  4    Str: 10    XL:     5   Next: 30%
Magic:  16/16      EV:  3    Int: 11    God:    Dithmenos [*.....]
Gold:   110        SH:  0    Dex: 17    Spells: 3 memorised, 2 levels left

rFire  . . .     SeeInvis .     a - +1 short sword
rCold  + . .     Clarity  .     b - +0 leather armour
rNeg   . . .     SustAt   .     (shield restricted)
rPois  .         Gourm    .     (helmet restricted)
rElec  .         Spirit   .     (no cloak)
rCorr  .         Warding  .     (no gloves)
rMut   .         Rnd*Tele +     g - +0 pair of boots
MR     .....                    (no amulet)
Stlth  ++........               o - ring of protection from cold
                                k - ring of magical power

@: paralysed, wreathed by umbra, not resistant to hostile enchantments,
unstealthy
A: horns 1, agile 1, mutation resistance 1, teleportitis 1, weak 1
a: Renounce Religion


You were on level 3 of the Dungeon.
You worshipped Dithmenos.
Dithmenos was aware of your devotion.
You were not hungry.

You visited 1 branch of the dungeon, and saw 3 of its levels.

You collected 110 gold pieces.

Inventory:

Hand Weapons
 a - a +1 short sword (weapon)
Armour
 b - a +0 leather armour (worn)
 g - a +0 pair of boots (worn)
Jewellery
 k - a ring of magical power (left hand)
 l - an uncursed ring of fire
 o - a ring of protection from cold (right hand)
 p - an uncursed ring of positive energy {unknown}
Scrolls
 i - a scroll of recharging
 m - a scroll of enchant weapon
Potions
 f - a potion of haste {unknown}
 q - a potion of curing {unknown}
 r - a potion of ambrosia {unknown}
Books
 c - a book of Battle

   Spells                             Type                      Level
   a - Infusion                       Charms                       1
   b - Shroud of Golubria             Charms/Translocation         2
   c - Song of Slaying                Charms                       2
   d - Spectral Weapon                Hexes/Charms                 3
   e - Regeneration                   Charms/Necromancy            3
Comestibles
 d - 3 bread rations
 h - a royal jelly
 n - a meat ration


   Skills:
 + Level 2.2 Fighting
 * Level 4.7 Short Blades
 + Level 1.9 Armour
 + Level 2.1 Dodging
 + Level 1.8 Spellcasting
 + Level 3.8 Charms


You had 2 spell levels left.
You knew the following spells:

 Your Spells              Type           Power        Failure   Level  Hunger
a - Infusion              Chrm           #.....       10%         1    ##.....
b - Song of Slaying       Chrm           #.......     14%         2    ###....
c - Shroud of Golubria    Chrm/Tloc      #.........   30%         2    ###....


Dungeon Overview and Level Annotations

Branches:
Dungeon (3/15)

Altars:
Dithmenos
Nemelex Xobeh
The Shining One

Annotations:
D:3 Grinder


Innate Abilities, Weirdness & Mutations

You are small and have problems with some larger weapons.
You are somewhat resistant to further mutation.
You have a pair of small horns on your head.
You are agile. (Dex +2)
You are occasionally teleported next to monsters.
You are weak. (Str -2)


Message History

Okay, then.
Drink which item? (? for menu, Esc to quit)
It was a potion of mutation.
You feel extremely strange. A pair of horns grows on your head!
You feel weirdly uncertain.
You feel weaker. Grinder misses you.
Drink which item? (? for menu, Esc to quit)
You feel extremely strange.
You feel agile. Grinder hits you!
* * * LOW HITPOINT WARNING * * *
Grinder gestures at you.
You suddenly lose the ability to move!
Grinder gestures at you.
You barely resist.
Grinder gestures.
Grinder blinks!
Grinder gestures at you. Pain shoots through your body!
You die...

...... ....#.. .
.. ....#.. . ..#
....#.#.##...
....#.#.....#
######
...#..#....#
#......
..#.......##
##.......
.#.........#
###.(......
.#.........#
##.@.5......
...........#
#..###......
.).........#
#.## #.###
...........# #.#
#
...........###.#
...........##..#
......<..(.##.##
##............#
#..####...####


You could see Grinder.

Vanquished Creatures
  6 adders
  3 worms (D:3)
  2 giant geckos (D:1)
  7 bats
  4 giant cockroaches
  7 hobgoblins
  6 jackals (D:1)
  6 giant newts
  5 goblins
  10 kobolds
  8 rats
64 creatures vanquished.

Notes
Turn   | Place    | Note
--------------------------------------------------------------
     0 | D:1      | inmateoo the Halfling Skald began the quest for the Orb.
     0 | D:1      | Reached XP level 1. HP: 14/14 MP: 3/3
    52 | D:1      | Reached XP level 2. HP: 13/19 MP: 0/4
   614 | D:1      | Reached XP level 3. HP: 24/24 MP: 5/5
   622 | D:1      | Learned a level 2 spell: Song of Slaying
   625 | D:1      | Learned a level 2 spell: Shroud of Golubria
  1250 | D:2      | Found a sparkling altar of Nemelex Xobeh.
  1260 | D:2      | Reached XP level 4. HP: 20/29 MP: 4/6
  1475 | D:2      | Reached skill level 4 in Short Blades
  1990 | D:2      | Reached XP level 5. HP: 14/34 MP: 7/7
  2231 | D:3      | Found a faded altar to an unknown god.
  2240 | D:3      | Became a worshipper of Dithmenos the Shadowed
  2240 | D:3      | Reached * piety under Dithmenos
  2806 | D:3      | Found a glowing golden altar of the Shining One.
  2864 | D:3      | Noticed Grinder
  2869 | D:3      | Gained mutation: You have a pair of small horns on your head. [potion of mutation]
  2869 | D:3      | Gained mutation: You are occasionally teleported next to monsters. [potion of mutation]
  2869 | D:3      | Gained mutation: You are weak. (Str -2) [potion of mutation]
  2870 | D:3      | Gained mutation: You are agile. (Dex +2) [potion of mutation]
  2871 | D:3      | Paralysed by Grinder for 7 turns
  2877 | D:3      | Killed from afar by Grinder

Action                   |  1- 3 |  4- 6 || total
-------------------------+-------+-------++-------
Melee: Short sword       |   133 |   119 ||   252
 Cast: Infusion          |     6 |     5 ||    11
  Use: Scroll            |       |     5 ||     5
       Potion            |       |     2 ||     2
 Stab: Sleeping          |       |     1 ||     1
  Eat: Chunk             |     1 |     6 ||     7
